 Dungeon Crawl Stone Soup version 0.30.1 (webtiles) character file.

Game seed: 2727810145147389083

322 monsoonserge the Vexing (level 6, -3/45 HPs)
             Began as a Formicid Hexslinger on July 7, 2023.
             Was a Follower of Lugonu.
             Killed by divine providence
             ... invoked by an orc priest
              (11 damage)
             ... on level 6 of the Dungeon.
             The game lasted 00:16:08 (4804 turns).

monsoonserge the Vexing (Formicid Hexslinger)       Turns: 4804, Time: 00:16:10

Health: -3/45      AC:  3    Str: 15    XL:     6   Next: 76%
Magic:  0/9        EV: 12    Int: 12    God:    Lugonu [*.....]
Gold:   227        SH:  0    Dex: 16    Spells: 8/9 levels left

rFire   . . .        a - +1 sling
rCold   . . .        (no shield)
rNeg    . . .        e - +0 leather armour
rPois   .            (helmet unavailable)
rElec   .            (no cloak)
rCorr   .            (no gloves)
SInv    +            (no boots)
Will    .....        d - amulet of guardian spirit
Stlth   +            (no ring)
HPRegen 0.27/turn    (no ring)
MPRegen 0.11/turn

%: guardian spirit
@: studying Unarmed Combat
A: permanent stasis, dig shafts and tunnels, antennae 3, four strong arms
a: Dig, Shaft Self, Renounce Religion, Depart the Abyss


You were on level 6 of the Dungeon.
You worshipped Lugonu.
Lugonu was aware of your devotion.
You visited 2 branches of the dungeon, and saw 7 of its levels.

You collected 227 gold pieces.

Inventory:

Hand Weapons
 a - a +1 sling (weapon)
Missiles
 z - 9 poisoned darts
Armour
 c - a +0 robe
 e - a +0 leather armour (worn)
 r - a +0 ring mail
 y - a +0 chain mail
Magical Staves
 j - a staff of air
Jewellery
 d - an amulet of guardian spirit (around neck)
 p - a ring of ice
 w - a ring of protection from cold
Wands
 A - a wand of roots (10)
Scrolls
 b - a scroll of poison
 f - 5 scrolls of identify {unknown}
 h - 2 scrolls of enchant armour {unknown}
 k - a scroll of amnesia {unknown}
 l - 3 scrolls of teleportation {unknown}
 m - a scroll of magic mapping {unknown}
 n - 2 scrolls of fear {unknown}
 q - 2 scrolls of noise {unknown}
 s - 2 scrolls of butterflies {unknown}
 u - a scroll of immolation {unknown}
Potions
 g - a potion of lignification {unknown}
 o - a potion of haste {unknown}
 t - 2 potions of degeneration {unknown}
 v - a potion of curing {unknown}
 x - a potion of ambrosia {unknown}


   Skills:
 + Level 2.3 Fighting
 + Level 4.5 Ranged Weapons
 * Level 2.7 Armour
 + Level 2.1 Dodging
 + Level 0.7 Stealth
 - Level 2.0 Spellcasting
 + Level 4.5 Hexes


You had 8 spell levels left.
You knew the following spells:

 Your Spells              Type           Power      Damage    Failure   Level
a - Slow                  Hex            48%        N/A       5%          1

Your spell library contained the following spells:

 Spells                   Type           Power      Damage    Failure   Level
 Confusing Touch          Hex            12%        N/A       16%         3
 Inner Flame              Hex/Fire       6%         N/A       36%         3
 Portal Projectile        Hex/Tloc       12%        N/A       36%         3
 Summon Guardian Golem    Hex/Summ       6%         N/A       36%         3
 Sublimation of Blood     Necr           1%         N/A       45%         2
 Wereblood                Tmut           1%         N/A       45%         2
 Cause Fear               Hex            6%         N/A       45%         4
 Vampiric Draining        Necr           1%         2d6       69%         3
 Arcjolt                  Conj/Air       0%         1d10      100%        5
 Orb of Destruction       Conj           0%         9d5       100%        7
 Spellforged Servitor     Conj/Summ      0%         N/A       100%        7
 Summon Hydra             Summ           0%         N/A       100%        7
 Maxwell's Capacitive Co  Air            0%         ∞         100%        8
 Vhi's Electric Charge    Tloc/Air       Unusable   N/A       N/A         3

Dungeon Overview and Level Annotations

Branches:
Dungeon (6/15)             Temple (1/1) D:4

Altars:
Cheibriados
Dithmenos
Elyvilon
Fedhas
Hepliaklqana
Kikubaaqudgha
Makhleb
Okawaru
Qazlal
Ru
Sif Muna
Trog
Wu Jian
Xom
Zin
The Shining One
Lugonu

Shops:
D:2 ?   D:3 =


Innate Abilities, Weirdness & Mutations

You cannot be hasted, slowed, berserked, paralysed or teleported.
You can dig through walls and to a lower floor.
You have a pair of large antennae on your head. (SInv)
Your four strong arms can wield two-handed weapons with a shield.


Message History

You shoot a sling bullet.
The sling bullet closely misses the orc priest.
The sling bullet hits the orc.
You kill the orc!
Lugonu accepts your kill.
The orc priest hits you with a +0 dagger.
Unknown command.
Fire: a) +1 sling
Press: ? - help, Q - select action, (/) - cycle Shift-Dir - straight line, f/p - orc priest
Aim: an orc priest, wielding a +0 dagger and wearing a +0 leather armour (heavily wounded, 62% to hit)
You shoot a sling bullet.
The sling bullet hits the orc priest but does no damage.
The orc priest is heavily wounded.
The orc priest mumbles some strange prayers to Beogh against you.
Pain shoots through your body!
Fire: a) +1 sling
Press: ? - help, Q - select action, (/) - cycle Shift-Dir - straight line, f/p - orc priest
Aim: an orc priest, wielding a +0 dagger and wearing a +0 leather armour (heavily wounded, 62% to hit)
You shoot a sling bullet.
The sling bullet hits the orc priest but does no damage.
The orc priest is heavily wounded.
The orc priest hits you with a +0 dagger.
Fire: a) +1 sling
Press: ? - help, Q - select action, (/) - cycle Shift-Dir - straight line, f/p - orc priest
Aim: an orc priest, wielding a +0 dagger and wearing a +0 leather armour (heavily wounded, 62% to hit)
You shoot a sling bullet. The sling bullet hits the orc priest.
The orc priest is heavily wounded.
The orc priest barely misses you.
Fire: a) +1 sling
Press: ? - help, Q - select action, (/) - cycle Shift-Dir - straight line, f/p - orc priest
Aim: an orc priest, wielding a +0 dagger and wearing a +0 leather armour (heavily wounded, 62% to hit)
You shoot a sling bullet.
The sling bullet hits the orc priest but does no damage.
The orc priest is heavily wounded.
The orc priest mumbles some strange prayers to Beogh against you.
Pain shoots through your body!
* * * LOW HITPOINT WARNING * * *
The orc priest calls down the wrath of Beogh upon you.
Beogh smites you!
You die...

## { ..... ..o ...
.{.. #.. {
.....##.####.#
...........).#
....##.###### . #)#
#o# ###########@#
#........##.#
####.######.##.#
#....^#####.##.#######
#.##..##..............
#.##.....##.#...#.###.
#.##..#####.......#
#...........#...#.#
####.########..##...


You could see an orc priest.

Vanquished Creatures
  A scorpion (D:4)
  A hound (D:6)
  An orc priest (D:6)
  2 gnolls
  8 adders
  A shadow imp (D:6)
  A white imp (D:5)
  An ufetubus (D:4)
  2 worms
  3 dart slugs
  4 orcs
  17 ball pythons
  5 endoplasms
  4 giant cockroaches
  2 goblins
  6 hobgoblins
  3 jackals (D:3)
  4 quokkas
  7 bats
  4 frilled lizards (D:1)
  6 kobolds
  3 rats
86 creatures vanquished.

Notes
Turn   | Place    | Note
-------+----------+-------------------------------------------
     0 | D:1      | monsoonserge the Formicid Hexslinger began the quest for
                  | the Orb.
     0 | D:1      | Reached XP level 1. HP: 15/15 MP: 2/2
   118 | D:1      | Reached XP level 2. HP: 21/21 MP: 1/3
   193 | D:1      | Reached skill level 1 in Armour
   196 | D:1      | Reached XP level 3. HP: 26/26 MP: 4/4
   497 | D:1      | Found a faded altar of an unknown god.
  1097 | D:2      | Reached XP level 4. HP: 30/32 MP: 6/6
  1129 | D:2      | You fall into a shaft and drop 1 floor!
  1145 | D:3      | Found Xuelai's Jewellery Emporium.
  1493 | D:2      | Found Vizetu's Magic Scroll Shop.
  2383 | D:3      | Reached XP level 5. HP: 37/38 MP: 7/7
  2517 | D:3      | Found a shadowy altar of Dithmenos.
  2519 | D:3      | Found a burning altar of Makhleb.
  2520 | D:3      | Found an iron altar of Okawaru.
  2521 | D:3      | Found a sacrificial altar of Ru.
  2523 | D:3      | Found a white marble altar of Elyvilon.
  2987 | D:4      | Found a staircase to the Ecumenical Temple.
  2994 | Temple   | Entered the Ecumenical Temple
  3038 | Temple   | Became a worshipper of Lugonu the Unformed
  3306 | D:4      | Found a bloodstained altar of Trog.
  3375 | D:4      | Found the +7 Kryia's mail coat {PotionHeal*2 rC+}
  3383 | D:4      | Found a shimmering altar of Xom.
  3519 | D:4      | Found a stormy altar of Qazlal.
  3739 | D:4      | Reached * piety under Lugonu
  3826 | D:4      | Reached XP level 6. HP: 20/44 MP: 1/9
  3836 | D:4      | HP: 2/44 [poisoned by a scorpion]
  4148 | D:5      | Entered Level 5 of the Dungeon
  4391 | D:5      | Noticed a water moccasin
  4648 | D:5      | Noticed a black bear
  4804 | D:6      | Killed from afar by an orc priest

Illustrated notes

Levels and vault maps discovered:
D:1:      dpeg_arrival_shrine, layout_basic, nicolae_ecumenical_snake_handling,
          minmay_indecisive_spiral
D:2:      layout_loops_corners, serial_shops,
          nicolae_shop_competitors_out_of_business
D:3:      layout_loops_corners, minitemple, serial_shops,
          nicolae_shop_hallway_plus
D:4:      layout_loops_cross, kennysheep_little_box, mainiacjoe_overflow_paths,
          mainiacjoe_overflow_brackets, minmay_temple_entry_statues_pillars,
          chequers_serial_rivers_small_b
D:5:      layout_basic, lemuel_round_altar, serial_aquarium,
          aquarium_bridge_square [aquarium_subvault_bridge,
          aquarium_subvault_bridge, aquarium_subvault_window,
          aquarium_subvault_wall], aquarium_window_fake, aquarium_window_2,
          aquarium_window_fake, aquarium_view_2b, aquarium_view_2e,
          aquarium_balcony_5b, serial_shops, kennysheep_mini, nrook_campfire
D:6:      layout_loops_corners, mainiacjoe_overflow_24_doors,
          gammafunk_ghost_nasty_kobolds
Temple:   corrupted_temple

Skill      XL: |  1  2  3  4  5 |
---------------+----------------+-----
Armour         | 1 2 |  2.7
Hexes          | 4 |  4.5
Ranged Weapons | 3 4 |  4.5
Dodging        | 2 |  2.1
Fighting       | 2 |  2.3
Spellcasting   | 2 |  2.0
Stealth        | |  0.7

Action                     |  1- 3 |  4- 6 || total
---------------------------+-------+-------++-------
   Fire: Sling             |    89 |   218 ||   307
   Cast: Slow              |    15 |    30 ||    45
Ability: Dig               |       |     2 ||     2
    Use: Potion            |       |     2 ||     2
 Armour: Leather armour    |    14 |    30 ||    44
  Dodge: Dodged            |    42 |    84 ||   126
